 Seeded DCSS version 0.30-a0-371-gad7725a93e (webtiles) character file.

Game seed: 3472110508805078937 (custom seed)

15074 flotson the Fighter (level 11, -4/86 HPs)
             Began as a Demonspawn Delver on Nov 21, 2022.
             Was an Initiate of Gozag.
             Slain by a cane toad (16 damage)
             ... on level 1 of the Lair of Beasts.
             The game lasted 00:28:15 (13799 turns).

flotson the Fighter (Demonspawn Delver)            Turns: 13799, Time: 00:28:16

Health: -4/86      AC: 20    Str: 17    XL:     11   Next: 97%
Magic:  20/20      EV: 15    Int: 11    God:    Gozag
Gold:   1226       SH: 10    Dex: 15    Spells: 10/10 levels left

rFire   . . .      SeeInvis +    a - +0 war axe (vorpal)
rCold   . . .      Faith    .    U - +0 kite shield
rNeg    + . .      Spirit   .    G - +0 acid dragon scales
rPois   +          Reflect  .    V - +2 helmet
rElec   .          Harm     .    P - +0 cloak
rCorr   +          Rampage  .    C - +1 pair of gloves
Will    .....                    O - +0 pair of boots
Stlth   ++........               (no amulet)
HPRegen 0.34/turn                l - +4 ring of protection
MPRegen 0.34/turn                k - ring "Afatsici" {rPois rN+ MP+9 SInv}

@: gold aura, studying Dodging
A: repulsion field 1, foul stench 1, magic regeneration, weakness stinger 1
a: Renounce Religion, Potion Petition, Call Merchant, Bribe Branch


You were on level 1 of the Lair of Beasts.
You worshipped Gozag.
Gozag was most pleased with you.
You visited 3 branches of the dungeon, and saw 12 of its levels.
You also visited: Sewer.

You collected 1627 gold pieces.
You spent 252 gold pieces at shops.
You paid 149 gold pieces to Gozag.

Inventory:

Hand Weapons
 a - a +0 vorpal war axe (weapon)
 b - a +2 trident of flaming
Missiles
 p - 7 boomerangs
 D - 2 javelins
 H - 20 poisoned darts
 J - 4 curare-tipped darts (quivered)
Armour
 C - a +1 pair of gloves (worn)
 G - +0 acid dragon scales (worn)
 O - a +0 pair of boots (worn)
 P - a +0 cloak (worn)
 Q - a +1 scale mail of fire resistance
 U - a +0 kite shield (worn)
 V - a +2 helmet (worn)
Jewellery
 k - the ring "Afatsici" (right hand) {rPois rN+ MP+9 SInv}
   (You found it on level 6 of the Dungeon)

   [ring of see invisible]

   rPois:     It protects you from poison.
   rN:        It protects you from negative energy.
   MP:        It affects your magic capacity (+9).
   SInv:      It lets you see invisible.
 l - a +4 ring of protection (left hand)
 W - a ring of protection from cold
Wands
 d - a wand of polymorph (3)
 g - a wand of digging (1)
 o - a wand of flame (25)
 M - a wand of mindburst (7)
 S - a wand of iceblast (18)
Scrolls
 c - a scroll of fog
 i - 13 scrolls of teleportation
 m - 3 scrolls of enchant weapon
 n - 5 scrolls of poison
 q - a scroll of silence {unknown}
 r - 4 scrolls of summoning
 t - 5 scrolls of blinking
 u - a scroll of brand weapon {unknown}
 v - 2 scrolls of noise {unknown}
 w - a scroll of enchant armour {unknown}
 x - a scroll of magic mapping
 y - 5 scrolls of immolation {unknown}
 B - 2 scrolls of vulnerability {unknown}
 F - a scroll of amnesia {unknown}
 K - a scroll of torment {unknown}
 Z - 2 scrolls of fear
Potions
 e - 5 potions of resistance
 f - 3 potions of haste
 h - 3 potions of flight
 j - 6 potions of heal wounds
 s - 2 potions of lignification
 z - 2 potions of cancellation
 A - 2 potions of mutation
 E - 5 potions of curing
 L - a potion of attraction
 N - a potion of might
 R - a potion of berserk rage
 T - a potion of invisibility
 X - a potion of degeneration {unknown}
Miscellaneous
 I - a piece from Xom's chessboard (15/15)
 Y - a phantom mirror


   Skills:
 + Level 8.2 Fighting
 + Level 6.6(6.7) Axes
 - Level 1.7(4.5) Polearms
 + Level 6.7 Throwing
 + Level 6.8 Armour
 + Level 8.1 Dodging
 - Level 4.5 Stealth
 + Level 6.2 Shields
 + Level 7.5 Evocations


You had 10 spell levels left.
You didn't know any spells.
Your spell library contained the following spells:

 Spells                   Type           Power      Damage    Failure   Level
 Sting                    Tmut/Pois      0%         1d3       77%         1
 Ensorcelled Hibernation  Hex/Ice        0%         N/A       88%         2
 Passwall                 Tmut/Erth      0%         N/A       88%         2
 Poisonous Vapours        Pois/Air       0%         N/A       88%         2
 Gell's Gravitas          Tloc           0%         N/A       98%         3
 Hailstorm                Conj/Ice       0%         3d3       98%         3
 Lesser Beckoning         Tloc           0%         N/A       98%         3
 Swiftness                Air            0%         N/A       98%         3
 Teleport Other           Tloc           0%         N/A       98%         3
 Ice Form                 Ice/Tmut       0%         N/A       100%        4
 Leda's Liquefaction      Hex/Erth       0%         N/A       100%        4
 Olgreb's Toxic Radiance  Pois           0%         N/A       100%        4
 Lee's Rapid Deconstruct  Erth           0%         3d4*      100%        5
 Statue Form              Tmut/Erth      0%         N/A       100%        6
 Simulacrum               Ice/Necr       Unusable   N/A       N/A         6

Dungeon Overview and Level Annotations

Branches:
Dungeon (10/15)            Temple (1/1) D:7            Lair (1/5) D:9
    Orc (0/2) D:10          Sewer (visited)

Altars:
Ashenzari
Cheibriados
Fedhas
Gozag
Kikubaaqudgha
Trog
Vehumet
Yredelemnul

Shops:
D:1 !   D:3 *   D:6 !!?[   D:9 =


Innate Abilities, Weirdness & Mutations

You are surrounded by a mild repulsion field. (EV +2)
You may rarely emit foul miasma when damaged in melee.
You regenerate magic rapidly.
You have a small tail.


Message History

You completely miss the yak.
The yak is almost dead.
You hit the cane toad. The yak barely misses you.
The cane toad stings you but does no damage.
You hit the yak.
The yak is almost dead.
You hit the cane toad but do no damage.
The cane toad stings you but does no damage.
The yak gores you! The cane toad closely misses you.
You block the yak's attack.
You are too injured to fight recklessly!
You are too injured to fight recklessly!
You are too injured to fight recklessly!
You are too injured to fight recklessly!
You are too injured to fight recklessly!
You are too injured to fight recklessly!
You are too injured to fight recklessly!
You are too injured to fight recklessly!
You hit the yak but do no damage.
The yak is almost dead.
You barely miss the cane toad. The cane toad stings you!
The yak completely misses you. You block the cane toad's attack.
You slash the yak!
You kill the yak!
You hit the cane toad but do no damage. The cane toad misses you.
You hit the cane toad but do no damage.
The cane toad is moderately wounded.
The cane toad is distracted by your dazzling golden aura.
You hit the cane toad.
The cane toad is no longer distracted by gold.
The cane toad is moderately wounded.
The cane toad stings you!
* * * LOW HITPOINT WARNING * * *
The cane toad completely misses you.
You hit the cane toad but do no damage.
You tail-slap the cane toad, but do no damage.
The cane toad is moderately wounded.
The cane toad stings you!
You die...
Your body crumbles into a pile of gold.

#.............##..##.####..##
##.#.##.........[..#### ####
#..............##..)..######
#...#####......P#...........
#..## #.......####...##...
#..(#####.............##
#......##.......##....#
##..##.##...F$######Y.######
#.###.#.....@# #.......#
#........[.### ##.##P#..#
####.......# #..Y### #
##.###......# ###.#
#P..........# #Y#
#...##.#...## #$#
#..###.#..## #.# #.. .......
#.## ##. .#.P#.### #F.#


You could see a cane toad.

Vanquished Creatures
  3 death yaks
  A deep elf pyromancer (D:8)
  Joseph (D:8)
  Maurice (D:9)
  Maggie (D:6)
  A hornet (D:7)
  A troll (D:10)
  The ghost of pigah the Ducker, an amateur OpWn (D:5)
  4 shadows
  23 yaks
  A wyvern (D:8)
  4 steam dragons
  Grum (D:8)
  Menkaure (D:5)
  3 acid dragons
  A two-headed ogre zombie (D:10)
  2 water moccasins
  4 ice beasts
  2 orc warriors
  2 hornet zombies (D:5)
  A sky beast (D:8)
  A black bear (D:7)
  4 wolves (D:8)
  An ogre (D:6)
  3 centaurs
  2 phantoms
  3 kobold brigands
  A gnoll sergeant (D:7)
  5 bullfrogs
  A necrophage (D:5)
  5 scorpions
  20 wights
  3 troll zombies (D:10)
  The ghost of Shayle the Chopper, a weakling NaRe (D:3)
  17 killer bees
  3 howler monkeys (D:10)
  A jelly (D:6)
  5 hounds
  5 orc priests
  A bullfrog skeleton (D:5)
  Natasha (thrice) (D:2)
  3 iguanas
  8 orc wizards
  4 ogre zombies (D:10)
  6 gnolls
  16 adders
  7 river rats (Sewer)
  2 white imps
  3 ufetubi
  3 worms
  4 dart slugs
  33 orcs
  5 endoplasms
  4 giant cockroaches
  7 hobgoblins
  3 jackals (D:5)
  22 kobolds
  9 quokkas
  14 ball pythons
  2 bats
  8 frilled lizards
  7 goblins
  A goblin skeleton (D:10)
  2 goblin zombies (D:10)
  3 hobgoblin skeletons (D:10)
  4 hobgoblin zombies (D:10)
  5 orc skeletons (D:10)
  10 orc zombies (D:10)
  25 rats
364 creatures vanquished.

Vanquished Creatures (others)
  5 fungi
  28 plants
33 creatures vanquished.

Grand Total: 397 creatures vanquished

Notes
Turn   | Place    | Note
-------+----------+-------------------------------------------
     0 | D:5      | flotson the Demonspawn Delver began the quest for the Orb.
     0 | D:5      | Reached XP level 1. HP: 18/18 MP: 1/1
   149 | D:4      | Noticed a scorpion
   220 | D:4      | Noticed an iguana
   284 | D:3      | Gained mutation: You regenerate magic rapidly. [demonic
                  | ancestry]
   284 | D:3      | Reached XP level 2. HP: 15/24 MP: 2/2
   345 | D:3      | Reached skill level 1 in Evocations
   417 | D:4      | Reached XP level 3. HP: 29/29 MP: 3/3
   424 | D:4      | Reached skill level 1 in Armour
   580 | D:4      | Found a glowing drain.
   589 | Sewer    | Entered a sewer
   674 | Sewer    | Gained mutation: You are surrounded by a mild repulsion
                  | field. (EV +2) [demonic ancestry]
   674 | Sewer    | Reached XP level 4. HP: 22/35 MP: 4/4
   748 | Sewer    | Reached skill level 1 in Axes
   813 | Sewer    | Reached skill level 1 in Throwing
   979 | Sewer    | Reached XP level 5. HP: 41/42 MP: 5/5
  1190 | Sewer    | Gained mutation: You have a small tail. [demonic ancestry]
  1190 | Sewer    | Reached XP level 6. HP: 38/48 MP: 6/6
  1758 | D:1      | Found Fumoss's Distillery.
  1764 | D:1      | Bought a potion of curing for 39 gold pieces
  2380 | D:2      | Noticed Natasha
  2396 | D:2      | Killed Natasha
  2549 | D:2      | Noticed Natasha
  2560 | D:2      | Killed Natasha
  2561 | D:2      | Reached XP level 7. HP: 54/54 MP: 7/7
  2614 | D:2      | Noticed Natasha
  2624 | D:2      | Killed Natasha
  3199 | D:3      | Found a runed translucent gate.
  3199 | D:3      | Found a runed translucent gate.
  3199 | D:3      | Found a runed translucent gate.
  3208 | D:3      | Noticed Shayle's ghost (weakling NaRe)
  3248 | D:3      | Killed Shayle's ghost
  3269 | D:3      | Found Apsint's Assorted Antiques.
  3287 | D:3      | Bought a scroll labelled ILITIE QUVVI for 23 gold pieces
  3287 | D:3      | Bought a scroll labelled PEXUOM BUMIYSI for 23 gold pieces
  3566 | D:4      | Reached skill level 1 in Shields
  4081 | D:1      | Bought a potion of might for 52 gold pieces
  4338 | D:5      | Found a transporter.
  4339 | D:5      | Found a bloodstained altar of Trog.
  4421 | D:5      | Noticed pigah's ghost (amateur OpWn)
  4629 | D:5      | Noticed Menkaure
  4767 | D:5      | Killed Menkaure
  4768 | D:5      | Reached XP level 8. HP: 59/61 MP: 8/8
  5186 | D:5      | Found a transporter.
  5217 | D:5      | Reached skill level 5 in Fighting
  5321 | D:5      | Killed pigah's ghost
  5457 | D:6      | Found Firhej's Distillery.
  5495 | D:6      | Gained mutation: You may rarely emit foul miasma when
                  | damaged in melee. [demonic ancestry]
  5495 | D:6      | Reached XP level 9. HP: 68/68 MP: 9/9
  5504 | D:6      | Bought a potion of berserk rage for 65 gold pieces
  5513 | D:6      | Found Wuuliox's Distillery.
  5529 | D:6      | Noticed Maggie
  5674 | D:6      | Found a broken altar of Ashenzari.
  5674 | D:6      | Found an ancient bone altar of Kikubaaqudgha.
  5968 | D:6      | Reached skill level 5 in Dodging
  5995 | D:6      | Found Fibran's Armour Boutique.
  6136 | D:6      | Found Solu Guk's Magic Scroll Emporium.
  6145 | D:6      | Bought a scroll of identify for 20 gold pieces
  6145 | D:6      | Bought a scroll of teleportation for 30 gold pieces
  6199 | D:6      | Identified the ring "Afatsici" {rPois rN+ MP+9 SInv}
  6303 | D:6      | Found a broken altar of Ashenzari.
  6303 | D:6      | Found an ancient bone altar of Kikubaaqudgha.
  6415 | D:6      | Found Fibran's Armour Boutique.
  6543 | D:6      | Found Solu Guk's Magic Scroll Emporium.
  6556 | D:6      | Found Firhej's Distillery.
  6570 | D:6      | Killed Maggie
  6571 | D:6      | Reached skill level 5 in Evocations
  6601 | D:6      | Found Wuuliox's Distillery.
  7192 | D:7      | Reached skill level 5 in Armour
  7195 | D:7      | Found a staircase to the Ecumenical Temple.
  7205 | Temple   | Entered the Ecumenical Temple
  7412 | D:7      | Found a radiant altar of Vehumet.
  7609 | D:7      | Reached XP level 10. HP: 71/77 MP: 10/10
  8358 | D:8      | Reached skill level 5 in Throwing
  8677 | Temple   | Became a worshipper of Gozag Ym Sagoz the Greedy
  8724 | D:8      | Found a blossoming altar of Fedhas.
  8796 | D:8      | Noticed Joseph
  8811 | D:8      | Killed Joseph
  8812 | D:8      | Reached skill level 5 in Axes
  9026 | D:8      | Noticed Grum
  9034 | D:8      | Killed Grum
  9215 | D:8      | Noticed a deep elf pyromancer
  9227 | D:8      | Killed a deep elf pyromancer
  9646 | D:9      | Found Toqoakk's Jewellery Boutique.
  9671 | D:9      | Found a basalt altar of Yredelemnul.
  9745 | D:9      | Reached skill level 5 in Shields
 10316 | D:8      | Reached XP level 11. HP: 21/84 MP: 11/11
 10910 | D:9      | Found a staircase to the Lair.
 10950 | D:9      | Noticed Maurice
 11031 | D:9      | Killed Maurice
 11340 | D:10     | Entered Level 10 of the Dungeon
 11460 | D:10     | Found a staircase to the Orcish Mines.
 12869 | Lair:1   | Entered Level 1 of the Lair of Beasts
 13192 | Lair:1   | Noticed a death yak
 13194 | Lair:1   | Noticed a death yak
 13254 | D:9      | Killed a death yak
 13437 | D:9      | Killed a death yak
 13582 | Lair:1   | Noticed a death yak
 13614 | Lair:1   | Killed a death yak
 13799 | Lair:1   | Slain by a cane toad

Illustrated notes

Levels and vault maps discovered:
D:1:      onia_arrival_mini_maze, layout_basic, serial_shops,
          nicolae_shop_hallway_plus, chequers_serial_rivers_micro_d,
          minmay_surrounded
D:2:      layout_basic, uniq_natasha
D:3:      layout_rooms, serial_shops, nicolae_shop_overgrown_old_shop,
          ebering_ghost_rock_garden, minivault_27
D:4:      layout_loops_cross, portal_sewer_entry_f, st_stairs_14
D:5:      layout_layer_cave, mainiacjoe_overflow_boulevard,
          gammafunk_ghost_mausoleum, uniq_menkaure
D:6:      minmay_skewed_foursquare, layout_basic,
          chequers_temple_overflow_statue_of_worship, serial_shops, shop, shop,
          shop_fountains, nicolae_take_the_stairs, nicolae_lava_and_water,
          uniq_maggie
D:7:      layout_loops_corners, mainiacjoe_overflow_cross_hatched,
          minmay_temple_entry_sparse_star, minmay_hedge_maze
D:8:      layout_basic, lemuel_crystal_altar, minmay_manual_monstrance,
          uniq_grum, uniq_joseph
D:9:      layout_small_grid, mainiacjoe_overflow_surrounded_room,
          grunt_lair_entry_orc_guard_hut, minmay_shop_enchanted_jewellery,
          nrook_loot_triangle, minmay_crystal_water, uniq_maurice
D:10:     layout_basic, zombieorc2_lemuel, st_stairs_6
Temple:   bh_familiar_temple
Lair:1:   layout_loops_ring, uniq_amaemon

Skill      XL: |  1  2  3  4  5  6  7  8  9 10 11 |
---------------+----------------------------------+-----
Dodging        | 2 3 4 5 6 8 |  8.1
Evocations     | 1 2 3 4 5 6 7 |  7.5
Armour         | 1 2 3 4 5 6 |  6.8
Axes           | 1 2 3 4 5 6 |  6.6
Throwing       | 1 2 3 4 5 6 |  6.7
Fighting       | 4 5 6 7 8 |  8.2
Shields        | 1 2 4 5 6 |  6.2
Polearms       | |  1.7
Stealth        | |  4.5

Action                   |  1- 3 |  4- 6 |  7- 9 | 10-12 || total
-------------------------+-------+-------+-------+-------++-------
Melee: War axe           |    89 |   192 |   482 |   723 ||  1486
       Tailslap          |       |    10 |    66 |   145 ||   221
       Unarmed           |       |       |       |    30 ||    30
Throw: Dart              |       |       |    10 |     3 ||    13
Evoke: Wand              |     1 |     1 |    14 |     4 ||    20
  Use: Scroll            |     1 |       |    14 |     3 ||    18
 Stab: Sleeping          |     1 |     9 |    11 |     3 ||    24
       Distracted        |       |       |     2 |     8 ||    10
       Confused          |       |       |       |     3 ||     3
Armor: Leather armour    |    17 |       |       |       ||    17
       Ring mail         |    14 |    98 |       |       ||   112
       Troll leather arm |       |    24 |   186 |       ||   210
       Acid dragon scale |       |       |    33 |   275 ||   308
Dodge: Dodged            |    84 |   205 |   351 |   478 ||  1118
Block: Kite shield       |       |    14 |   258 |   398 ||   670

Table legend: (Time is in decaauts)
 A = Elapsed time spent in this place.
 B = Non-inter-level travel time spent in this place.
 C = Inter-level travel time spent in this place.
 D = Time resting spent in this place.
 E = Time spent auto-exploring this place.
 F = Levels seen in this place.
 G = Mean time per level.
                   A        B        C        D        E       F      G
               +--------+--------+--------+--------+--------+-----+--------+
         Total |  14510 |  13455 |   1055 |    660 |   8616 |  13 | 1116.2 |
       Dungeon |  13072 |  12063 |   1009 |    660 |   7755 |  10 | 1307.2 |
        Temple |    191 |    147 |     44 |      0 |    115 |   1 |  191.0 |
          Lair |    477 |    475 |      2 |      0 |    270 |   1 |  477.0 |
         Sewer |    769 |    769 |      0 |      0 |    475 |   1 |  769.0 |
               +--------+--------+--------+--------+--------+-----+--------+

Top non-repeatable levels by time:
     D:9: 1874 daAuts
     D:8: 1694 daAuts
     D:5: 1666 daAuts
    D:10: 1566 daAuts
     D:7: 1402 daAuts
     D:6: 1312 daAuts
     D:2: 969 daAuts
     D:4: 947 daAuts
     D:1: 935 daAuts
   Sewer: 769 daAuts
     D:3: 702 daAuts
  Lair:1: 477 daAuts
  Temple: 191 daAuts
